 Dungeon Sprint DCSS version 0.27.1-3-gb3d3a73c9e (webtiles) character file.

Game seed: 5562487058941530960

30800000 raph the Axe Maniac (level 27, 228/228 HPs)
             Began as a Djinni Warper on Oct 28, 2021.
             Was the Champion of Makhleb.
             Escaped with the Orb!
             The game lasted 00:08:04 (154 turns).

raph the Axe Maniac (Djinni Warper)                  Turns: 154, Time: 00:08:05

Health: 228/228    AC:  6    Str: 10    XL:     27
Gold:   0          EV: 37    Int: 15    God:    Makhleb [******] SH:  0 Dex: 26

rFire    + + .     SeeInvis .   i - +∞ Axe of Woe
rCold    x . .     Faith    .   (shield currently unavailable)
rNeg     . . .     Spirit   .   b - +0 leather armour
rPois    ∞         Reflect  .   (no helmet)
rElec    .         Harm     .   (no cloak)
rCorr    .         Rampage  .   (no gloves)
Will     ++...     NoTele   +   (boots unavailable)
Stlth    ++++......             (no amulet)
HPRegen  0.48/turn              l - +200 ring of slaying
MPRegen  0.00/turn              k - +200 ring of slaying

@: flying, hasted, very quick
A: sickness immunity, fire resistance 2, cold vulnerability 1, float, innate
caster, hp casting, extra vitality 1
0: Orb of Zot
a: Renounce Religion, Minor Destruction, Lesser Servant of Makhleb, Major
Destruction, Greater Servant of Makhleb


You escaped.
You worshipped Makhleb.
Makhleb was exalted by your worship.
You visited 1 branch

Inventory:

Hand Weapons
 a - a +0 hand axe
 i - the +∞ Axe of Woe (weapon)
   (You found it in the Dungeon)
Missiles
 d - 5 boomerangs of dispersal
Armour
 b - a +0 leather armour (worn)
Jewellery
 j - a +30 ring of slaying
 k - a +200 ring of slaying (right hand)
 l - a +200 ring of slaying (left hand)
Scrolls
 c - 2 scrolls of blinking
Potions
 e - a potion of curing
 f - a potion of heal wounds
 h - a potion of berserk rage


   Skills:
 O Level 27 Fighting
 O Level 27 Short Blades
 O Level 27 Long Blades
 O Level 27 Axes
 O Level 27 Maces & Flails
 O Level 27 Polearms
 O Level 27 Staves
 O Level 27 Slings
 O Level 27 Bows
 O Level 27 Crossbows
 O Level 27 Throwing
 O Level 27 Armour
 O Level 27 Dodging
 O Level 27 Stealth
 O Level 27 Shields
 O Level 27 Unarmed Combat
 O Level 27 Spellcasting
 O Level 27 Invocations
 O Level 27 Evocations


You couldn't memorise any spells.
You knew the following spells:

 Your Spells              Type           Power      Damage    Failure   Level
a - Blink                 Tloc           N/A        N/A       0%          2
b - Lesser Beckoning      Tloc           39%        N/A       0%          3
c - Gell's Gravitas       Tloc           39%        N/A       0%          3
d - Teleport Other        Tloc           79%        N/A       0%          3
e - Manifold Assault      Tloc           79%        N/A       0%          5
f - Foxfire               Conj/Fire      100%       2x1d9     0%          1
g - Corpse Rot            Necr/Air       N/A        N/A       0%          2
h - Mephitic Cloud        Conj/Pois/Air  79%        N/A       0%          3
i - Frozen Ramparts       Ice            100%       1d12      0%          3
j - Petrify               Tmut/Erth      79%        N/A       0%          4
k - Alistair's Intoxicat  Tmut/Pois      52%        N/A       0%          5
l - Shadow Creatures      Summ           N/A        N/A       0%          6
m - Ozocubu's Refrigerat  Ice            39%        4d12      1%          7
n - Dispersal             Tloc           39%        N/A       0%          6
o - Orb of Destruction    Conj           39%        9d13      1%          7
p - Infestation           Necr           39%        N/A       1%          8
q - Disjunction           Tloc           39%        N/A       1%          8
r - Dragon's Call         Summ           39%        N/A       3%          9
Your spell library was empty.

Dungeon Overview and Level Annotations

Branches:
Dungeon (1/1)

Altars:
Makhleb


Innate Abilities, Weirdness & Mutations

You are immune to sickness and miasma.
You are immune to poison.
Your flesh is very heat resistant. (rF++)
You are vulnerable to cold. (rC-)
You float through the air rather than walking.
You learn spells naturally, not from books.
Your magical power is your life essence.
You have superior vitality. (+4 HP)


Message History

You hear a shout! x3
Press: ? - help, v - describe, . - travel, g - get item
Items here: the +7 sceptre of Torment {pain, torment}; a +27000 ring of slaying.
The floor, spattered with blood.
Search for what [Enter for "see", or ? for help]? orb Search for what [Enter for "orb", or ? for help]?
The destroyer appears out of thin air!
A destroyer comes into view. It is wielding a +9 vorpal great sword.
You hear a shout! x4; You hear an angry hiss.
There is a staircase leading out of the dungeon, spattered with blood here. 2 hell knights come into view.
You hear a shout!
The fleshlord moves out of view.
You see here the Orb of Zot.
You pick up the Orb of Zot!
The Orb lets out a hideous shriek!
The lords of Pandemonium are not amused.
Beware!
Now all you have to do is get back out of the dungeon!
The scourge appears out of thin air!
A scourge comes into view.
The fleshlord shouts!
You hear a shout! x2; The scourge hisses angrily.
You hear two shouts!
You hear a shout! x2; You hear a roar!
You hear a shout! x4
You hear an angry hiss.
You hear two shouts!
You hear a roar!
You hear a shout! x2
You hear a roar!
You hear an angry hiss.
You hear a shout!
You hear an angry hiss.
You hear a shout!
You hear a roar!
You hear a shout! x5
You hear two shouts!
You hear a roar!
You hear an angry hiss.
You hear a shout! x3
You hear an angry hiss.
You hear a roar!
You hear a shout!
You hear an angry hiss.
You hear a shout! x15; You hear a hideous shriek!
You hear a shout! x4; You hear a croak.
You hear a shout! x2
You hear an angry growl.
You hear a shout! x21; You hear a roar!
You hear two shouts!
You hear a shout!
You hear an angry hiss.
You hear a shout! x4; You hear an angry hiss.
You hear a shout! x13
A large bag of meat comes into view. It is wielding a +9 giant spiked club.
You hear a shout!
A hell knight and a skeletal warrior come into view.
The fleshlord shouts!
You hear a shout!
The scourge breathes poison at you.
The sculptor of flesh moves out of view.
There is a staircase leading out of the dungeon, spattered with blood here.
You hear a shout! x7
You have escaped!

.... V. .)) #.. ...#
#.) .))# O.o.
.))###.). .))###).o.
).))))).###).).p....
#...))..._{.))..)).)
).....#))...#...))))
....).#_○@○_#...)..)
.....)#○○°○.#))..).#
#.p))Mo○°○).).)).)☼2
.))p.).☼###{..)...☼)
)..###.○)))))###....
O #○).))..# ..)
#☼...)..# .
).OS..))))...
..))...){)).)..#


You could see an accursed, a destroyer (wandering), a scourge, 2 fleshlords, a
meat berserker (berserk) and a bag of meat.

Vanquished Creatures
  Dispater (D)
  10 hell knights (D)
  Sigmund (D)
  16 hell beasts (D)
  11 royal mummies (D)
  7 great orbs of eyes (D)
  4 wraiths (D)
  Harold (D)
  22 vampire knights (D)
  44 ogres (D)
  8 two-headed ogres (D)
  9 liches (D)
  5 hydras (D)
  75 orcs (D)
  5 phantoms (D)
  10 skeletal warriors (D)
  13 sea snakes (D)
242 creatures vanquished.

Notes
Turn   | Place    | Note
-------+----------+-------------------------------------------
     0 | D        | Found the +∞ Axe of Woe
     0 | D        | raph the Djinni Warper began the quest for the Orb.
     0 | D        | Reached XP level 1. HP: 18/18 MP: 0/0
     2 | D        | Noticed a bag of meat
     3 | D        | Noticed a bag of meat
     3 | D        | Noticed a bag of meat
     4 | D        | Became a worshipper of Makhleb the Destroyer
     5 | D        | Killed a bag of meat
     6 | D        | Reached XP level 2. HP: 23/23 MP: 0/0
     6 | D        | Reached XP level 3. HP: 28/28 MP: 0/0
     6 | D        | Learned a level 1 spell: Foxfire
     6 | D        | Reached XP level 4. HP: 33/33 MP: 0/0
     6 | D        | Reached XP level 5. HP: 38/38 MP: 0/0
     6 | D        | Learned a level 2 spell: Corpse Rot
     6 | D        | Reached XP level 6. HP: 43/43 MP: 0/0
     6 | D        | Reached XP level 7. HP: 49/49 MP: 0/0
     6 | D        | Learned a level 3 spell: Mephitic Cloud
     6 | D        | Reached XP level 8. HP: 54/54 MP: 0/0
     6 | D        | Reached XP level 9. HP: 58/58 MP: 0/0
     6 | D        | Learned a level 3 spell: Frozen Ramparts
     6 | D        | Reached XP level 10. HP: 64/64 MP: 0/0
     6 | D        | Reached XP level 11. HP: 68/68 MP: 0/0
     6 | D        | Learned a level 4 spell: Petrify
     6 | D        | Reached XP level 12. HP: 74/74 MP: 0/0
     6 | D        | Noticed a meat berserker
     6 | D        | Noticed a meat berserker
     6 | D        | Noticed a bag of meat
     8 | D        | Killed a meat berserker
     8 | D        | Reached * piety under Makhleb
     8 | D        | Noticed a meat berserker
     9 | D        | Reached skill level 27 in Axes
     9 | D        | Reached XP level 13. HP: 47/85 MP: 0/0
     9 | D        | Learned a level 5 spell: Alistair's Intoxication
     9 | D        | Reached XP level 14. HP: 50/90 MP: 0/0
     9 | D        | Killed a meat berserker
     9 | D        | Noticed a bag of meat
    10 | D        | Reached XP level 15. HP: 63/112 MP: 0/0
    10 | D        | Learned a level 6 spell: Shadow Creatures
    11 | D        | Reached XP level 16. HP: 92/122 MP: 0/0
    12 | D        | Reached ** piety under Makhleb
    13 | D        | Reached skill level 15 in Fighting
    14 | D        | Killed a meat berserker
    14 | D        | Reached *** piety under Makhleb
    15 | D        | Reached skill level 27 in Dodging
    15 | D        | Reached XP level 17. HP: 145/145 MP: 0/0
    15 | D        | Learned a level 7 spell: Ozocubu's Refrigeration
    15 | D        | Reached XP level 18. HP: 151/151 MP: 0/0
    17 | D        | Noticed a meat berserker
    20 | D        | Killed a meat berserker
    20 | D        | Reached **** piety under Makhleb
    21 | D        | Reached skill level 27 in Fighting
    21 | D        | Reached XP level 19. HP: 174/174 MP: 0/0
    21 | D        | Learned a level 6 spell: Dispersal
    21 | D        | Noticed a destroyer
    21 | D        | Noticed a large bag of meat
    22 | D        | Noticed a meat berserker
    22 | D        | Killed a meat berserker
    23 | D        | Reached skill level 27 in Spellcasting
    23 | D        | Reached XP level 20. HP: 181/181 MP: 0/0
    23 | D        | Killed a destroyer
    23 | D        | Reached ***** piety under Makhleb
    23 | D        | Killed a large bag of meat
    23 | D        | Noticed a meat berserker
    24 | D        | Reached XP level 21. HP: 187/187 MP: 0/0
    24 | D        | Learned a level 7 spell: Orb of Destruction
    24 | D        | Killed a meat berserker
    24 | D        | Noticed a destroyer
    25 | D        | Reached skill level 27 in Stealth
    25 | D        | Reached skill level 27 in Invocations
    25 | D        | Reached XP level 22. HP: 194/194 MP: 0/0
    25 | D        | Killed a destroyer
    25 | D        | Reached ****** piety under Makhleb
    25 | D        | Noticed a destroyer
    26 | D        | Reached XP level 23. HP: 201/201 MP: 0/0
    26 | D        | Learned a level 8 spell: Infestation
    26 | D        | Killed a destroyer
    27 | D        | Reached XP level 24. HP: 208/208 MP: 0/0
    28 | D        | Noticed a large bag of meat
    30 | D        | Noticed a destroyer
    30 | D        | Killed a destroyer
    30 | D        | Killed a large bag of meat
    30 | D        | Noticed a destroyer
    31 | D        | Reached skill level 27 in Armour
    31 | D        | Reached skill level 27 in Unarmed Combat
    31 | D        | Reached skill level 27 in Evocations
    31 | D        | Reached XP level 25. HP: 214/214 MP: 0/0
    31 | D        | Learned a level 8 spell: Disjunction
    32 | D        | Reached skill level 10 in Maces & Flails
    32 | D        | Reached skill level 10 in Polearms
    32 | D        | Reached skill level 10 in Slings
    32 | D        | Reached skill level 10 in Bows
    32 | D        | Reached skill level 10 in Crossbows
    32 | D        | Reached skill level 10 in Throwing
    32 | D        | Reached XP level 26. HP: 221/221 MP: 0/0
    32 | D        | Killed a destroyer
    32 | D        | Noticed a destroyer
    33 | D        | Reached skill level 15 in Shields
    35 | D        | Reached skill level 15 in Maces & Flails
    35 | D        | Reached skill level 15 in Polearms
    35 | D        | Reached skill level 15 in Slings
    35 | D        | Reached skill level 15 in Bows
    35 | D        | Reached skill level 15 in Crossbows
    35 | D        | Reached skill level 15 in Throwing
    35 | D        | Reached XP level 27. HP: 110/228 MP: 0/0
    35 | D        | Learned a level 9 spell: Dragon's Call
    36 | D        | Noticed a destroyer
    36 | D        | Noticed a large bag of meat
    36 | D        | Noticed a destroyer
    37 | D        | Noticed a large bag of meat
    39 | D        | Killed a destroyer
    39 | D        | Killed a large bag of meat
    39 | D        | Killed a large bag of meat
    40 | D        | Noticed a destroyer
    43 | D        | Noticed The Servant
    45 | D        | Killed The Servant
    46 | D        | Killed a destroyer
    46 | D        | Noticed a destroyer
    48 | D        | Noticed an accursed
    48 | D        | Noticed an accursed
    48 | D        | Noticed a destroyer
    49 | D        | Killed a destroyer
    49 | D        | Noticed a destroyer
    50 | D        | Killed a destroyer
    52 | D        | Reached skill level 27 in Shields
    52 | D        | Killed a destroyer
    52 | D        | Killed an accursed
    52 | D        | Killed an accursed
    53 | D        | Reached skill level 27 in Short Blades
    53 | D        | Reached skill level 27 in Long Blades
    53 | D        | Reached skill level 27 in Maces & Flails
    53 | D        | Reached skill level 27 in Polearms
    53 | D        | Reached skill level 27 in Staves
    53 | D        | Reached skill level 27 in Crossbows
    53 | D        | Reached skill level 27 in Throwing
    53 | D        | Killed a destroyer
    53 | D        | Noticed a destroyer
    54 | D        | Reached skill level 27 in Slings
    54 | D        | Reached skill level 27 in Bows
    54 | D        | Killed a destroyer
    55 | D        | Noticed an accursed
    55 | D        | Noticed an accursed
    56 | D        | Killed an accursed
    56 | D        | Killed an accursed
    56 | D        | Noticed a destroyer
    57 | D        | Killed a destroyer
    60 | D        | Noticed a destroyer
    60 | D        | Noticed an accursed
    62 | D        | Killed an accursed
    62 | D        | Killed a destroyer
    62 | D        | Killed a destroyer
    63 | D        | Noticed a dread
    63 | D        | Killed a dread
    63 | D        | Noticed a meat beast
    64 | D        | Killed a meat beast
    67 | D        | Noticed a destroyer
    67 | D        | Noticed a meat beast
    68 | D        | Killed a meat beast
    68 | D        | Killed a destroyer
    68 | D        | Noticed The Captor
    69 | D        | Killed The Captor
    69 | D        | Noticed a tyrant
    69 | D        | Noticed a large bag of meat
    70 | D        | Noticed a dread
    70 | D        | Noticed a meat beast
    70 | D        | Killed a large bag of meat
    70 | D        | Killed a dread
    70 | D        | Killed a meat beast
    70 | D        | Noticed a tyrant
    73 | D        | Killed a tyrant
    74 | D        | Killed a tyrant
    76 | D        | Noticed a meat beast
    77 | D        | Noticed a meat beast
    77 | D        | Killed a meat beast
    78 | D        | Noticed a meat beast
    79 | D        | Killed a meat beast
    80 | D        | Noticed a destroyer
    80 | D        | Noticed a meat beast
    80 | D        | Noticed an accursed
    81 | D        | Killed a meat beast
    81 | D        | Killed a destroyer
    82 | D        | Killed an accursed
    83 | D        | Noticed a meat beast
    83 | D        | Noticed a meat beast
    84 | D        | Killed a meat beast
    84 | D        | Killed a meat beast
    84 | D        | Noticed a meat beast
    85 | D        | Killed a meat beast
    86 | D        | Noticed an accursed
    86 | D        | Killed an accursed
    86 | D        | Noticed a tyrant
    86 | D        | Noticed a large bag of meat
    87 | D        | Noticed a tyrant
    87 | D        | Killed a tyrant
    87 | D        | Killed a tyrant
    87 | D        | Killed a large bag of meat
    88 | D        | Killed a meat beast
    88 | D        | Noticed a meat beast
    89 | D        | Killed a meat beast
    89 | D        | Noticed a tyrant
    90 | D        | Noticed a tyrant
    90 | D        | Killed a tyrant
    90 | D        | Killed a tyrant
    90 | D        | Noticed a meat beast
    95 | D        | Noticed a tyrant
    95 | D        | Killed a meat beast
    95 | D        | Killed a tyrant
    95 | D        | Noticed a meat beast
    96 | D        | Noticed a meat beast
    98 | D        | Killed a meat beast
    98 | D        | Noticed a destroyer
    99 | D        | Killed a destroyer
    99 | D        | Noticed a meat beast
    99 | D        | Noticed an accursed
   100 | D        | Killed a meat beast
   100 | D        | Killed an accursed
   100 | D        | Noticed a large bag of meat
   100 | D        | Noticed a destroyer
   101 | D        | Killed a destroyer
   101 | D        | Killed a large bag of meat
   101 | D        | Noticed a large bag of meat
   102 | D        | Killed a large bag of meat
   102 | D        | Noticed an accursed
   103 | D        | Killed an accursed
   104 | D        | Noticed an accursed
   105 | D        | Killed an accursed
   105 | D        | Noticed an accursed
   106 | D        | Noticed a tyrant
   106 | D        | Noticed a destroyer
   106 | D        | Noticed a meat beast
   107 | D        | Noticed a destroyer
   109 | D        | Killed a meat beast
   109 | D        | Killed a meat beast
   110 | D        | Killed a tyrant
   111 | D        | Killed a destroyer
   114 | D        | Killed an accursed
   116 | D        | Killed a destroyer
   119 | D        | Noticed a fleshlord
   121 | D        | Noticed a fleshlord
   122 | D        | Noticed a fleshlord
   122 | D        | Killed a fleshlord
   122 | D        | Noticed a fleshlord
   123 | D        | Killed a fleshlord
   123 | D        | Noticed a tyrant
   123 | D        | Noticed a fleshlord
   124 | D        | Killed a fleshlord
   124 | D        | Killed a fleshlord
   124 | D        | Noticed a fleshlord
   125 | D        | Killed a tyrant
   125 | D        | Killed a fleshlord
   125 | D        | Killed a fleshlord
   125 | D        | Noticed a destroyer
   126 | D        | Killed a destroyer
   126 | D        | Noticed a fleshlord
   127 | D        | Killed a fleshlord
   130 | D        | Noticed a fleshlord
   131 | D        | Killed a fleshlord
   132 | D        | Noticed a dread
   133 | D        | Killed a dread
   143 | D        | Noticed an accursed
   143 | D        | Noticed The Meatlord
   143 | D        | Noticed a fleshlord
   144 | D        | Killed a fleshlord
   144 | D        | Killed The Meatlord
   147 | D        | Noticed a dread
   147 | D        | Noticed a fleshlord
   148 | D        | Killed a dread
   148 | D        | Killed a fleshlord
   150 | D        | Noticed a destroyer
   150 | D        | Noticed a fleshlord
   150 | D        | Noticed a fleshlord
   151 | D        | Got the Orb of Zot
   151 | D        | Noticed a large bag of meat
   152 | D        | Noticed a fleshlord
   154 | D        | Escaped with the Orb!

Illustrated notes

Levels and vault maps discovered:
D:        meatsprint

Skill      XL: |  1  2  3  4  5  6  7  8  9 10 11 12 13 14 15 16 17 18 19 20 21 22 23 24 25 26 27 |
---------------+----------------------------------------------------------------------------------+-----
Axes           | 22 27 | 27.0
Fighting       | 4 11 13 20 27 | 27.0
Dodging        | 7 17 19 27 | 27.0
Spellcasting   | 4 9 11 16 22 27 | 27.0
Stealth        | 11 22 27 | 27.0
Invocations    | 11 24 27 | 27.0
Armour         | 11 18 22 27 | 27.0
Unarmed Combat | 11 18 22 27 | 27.0
Evocations     | 11 18 22 27 | 27.0
Short Blades   | 3 11 16 27 | 27.0
Long Blades    | 3 11 16 27 | 27.0
Maces & Flails | 3 10 15 27 | 27.0
Polearms       | 3 10 15 27 | 27.0
Staves         | 3 11 16 27 | 27.0
Slings         | 3 10 15 27 | 27.0
Bows           | 3 10 15 27 | 27.0
Crossbows      | 3 10 15 27 | 27.0
Throwing       | 3 10 15 27 | 27.0
Shields        | 4 12 17 27 | 27.0

Action                   |  1- 3 |  4- 6 |  7- 9 | 10-12 | 13-15 | 16-18 | 19-21 | 22-24 | 25-27 || total
-------------------------+-------+-------+-------+-------+-------+-------+-------+-------+-------++-------
Melee: Executioner's axe |     1 |       |       |     1 |     2 |     7 |    10 |     7 |   205 ||   233
 Cast: Frozen Ramparts   |       |       |       |       |       |     1 |       |       |       ||     1
       Manifold Assault  |       |       |       |       |       |     1 |     3 |     3 |    68 ||    75
       Dispersal         |       |       |       |       |       |       |       |       |     2 ||     2
       Corpse Rot        |       |       |       |       |       |       |       |       |     1 ||     1
  Use: Potion            |       |       |       |       |       |       |       |       |     1 ||     1
 Stab: Confused          |       |       |       |       |       |       |       |       |     1 ||     1
Armor: Leather armour    |       |       |       |       |       |       |       |       |     2 ||     2
Dodge: Dodged            |       |       |       |       |       |       |       |       |    10 ||    10
